 Dungeon Crawl Stone Soup version 0.30.0 (webtiles) character file.

Game seed: 291585917975049887

79 Irreverend the Caller (level 4, -8/19 HPs)
             Began as a Felid Summoner on May 7, 2023.
             Shot with an arrow by a centaur (9 damage)
             ... on level 4 of the Dungeon.
             The game lasted 00:16:59 (3520 turns).

Irreverend the Caller (Felid Summoner)              Turns: 3520, Time: 00:17:00

Health: -8/19      AC:  1    Str:  4    XL:     4   Next: 17%
Magic:  5/10       EV: 18    Int: 19    God:
Gold:   242        SH:  0    Dex: 16    Spells: 0/9 levels left
                                        Lives:  0   Deaths: 1

rFire   . . .        (weapon unavailable)
rCold   . . .        (shield unavailable)
rNeg    . . .        (body armour unavailable)
rPois   .            (helmet unavailable)
rElec   .            (cloak unavailable)
rCorr   .            (gloves unavailable)
SInv    +            (boots unavailable)
Will    .....        (no amulet)
Stlth   ++           (no ring)
HPRegen 0.23/turn    (no ring)
MPRegen 0.12/turn

%: no passive effects
@: quick
A: very small, claws 1, fangs 3, see invisible, speed 1, shaggy fur 1, stealthy
paws, no weapons or thrown items, no armour, multi-lived
a: no special abilities


You were on level 4 of the Dungeon.
You visited 1 branch of the dungeon, and saw 4 of its levels.

You collected 242 gold pieces.

Inventory:

Jewellery
 p - a ring of protection from fire
Scrolls
 b - a scroll of vulnerability {unknown}
 c - 2 scrolls of enchant armour {unknown}
 e - a scroll of poison {unknown}
 f - 8 scrolls of teleportation {unknown}
 h - a scroll of identify {unknown}
 o - a scroll of fear {unknown}
 q - a scroll of enchant weapon {unknown}
Potions
 a - a potion of magic
 d - a potion of heal wounds {unknown}
 g - 3 potions of brilliance {unknown}
 i - a potion of curing {unknown}
 j - a potion of attraction {unknown}
 k - a potion of haste {unknown}
 l - a potion of cancellation {unknown}
 m - a potion of degeneration {unknown}
 n - a potion of ambrosia {unknown}


   Skills:
 + Level 1.0 Fighting
 + Level 3.3 Dodging
 - Level 2.9 Stealth
 + Level 3.4 Spellcasting
 + Level 1.5 Hexes
 + Level 5.0 Summonings


You couldn't memorise any spells.
You knew the following spells:

 Your Spells              Type           Power      Damage    Failure   Level
a - Summon Small Mammal   Summ           88%        N/A       1%          1
b - Call Imp              Summ           44%        N/A       2%          2
c - Call Canine Familiar  Summ           22%        N/A       5%          3
d - Summon Guardian Gole  Hex/Summ       15%        N/A       12%         3

Your spell library contained the following spells:

 Spells                   Type           Power      Damage    Failure   Level
 Kiss of Death            Conj/Necr      12%        2d6       14%         1
 Cigotuvi's Dreadful Rot  Necr/Pois/Air  6%         N/A       22%         2
 Confusing Touch          Hex            8%         N/A       24%         3
 Summon Lightning Spire   Summ/Air       12%        N/A       45%         4
 Dispel Undead            Necr           3%         3d7       82%         4
 Death Channel            Necr           1%         N/A       100%        6


Dungeon Overview and Level Annotations

Branches:
Dungeon (4/15)
 Temple: D:4-7

Altars:

Shops:
D:1 *   D:3 *


Innate Abilities, Weirdness & Mutations

You have sharp claws.
You have razor-sharp teeth.
You have supernaturally acute eyesight. (SInv)
You cover ground quickly. (Speed+)
You are covered in fur. (AC +1)
Your paws help you pounce on unaware monsters.
You are incapable of wielding weapons or throwing items.
You cannot wear armour.
You gain extra lives every three experience levels.


Message History

The centaur wields a +0 shortbow.
The centaur shoots an arrow.
The arrow hits your hound.
Your cerulean imp hits the scorpion from afar with a -2 spear.
Casting: Call Imp (safe; 2% risk of failure)
Confirm with . or Enter, or press ? or * to list all spells.
Your hound closely misses the scorpion.
Your hound bites the scorpion but does no damage.
The scorpion barely misses your hound.
Your cerulean imp hits the scorpion from afar with a -2 spear.
Casting: Summon Small Mammal (safe; 1% risk of failure)
Confirm with . or Enter, or press ? or * to list all spells.
Your hound barely misses the scorpion.
The scorpion closely misses your hound. The dart slug launches a dart at you.
The slug dart hits your bat.
Your bat dies!
Your bat's corpse disappears in a puff of smoke!
Your cerulean imp hits the scorpion from afar with a -2 spear.
You swap places.
Your hound bites the scorpion but does no damage.
The scorpion closely misses your hound.
Your hound bites the scorpion.
Casting: Summon Small Mammal (safe; 1% risk of failure)
Confirm with . or Enter, or press ? or * to list all spells.
The centaur shoots an arrow.
The arrow hits your hound!
Your hound dies!
Your hound's corpse disappears in a puff of smoke!
Your cerulean imp hits the scorpion but does no damage.
The centaur shoots an arrow.
The arrow hits you!
Ouch! That really hurt!
* * * LOW HITPOINT WARNING * * *
Your cerulean imp closely misses the scorpion.
The centaur shoots an arrow.
The arrow closely misses you.
The scorpion closely misses your cerulean imp.
Your bat hits the dart slug but does no damage.
The centaur shoots an arrow.
The arrow misses you.
The centaur shoots an arrow.
The arrow hits you.
* * * LOW HITPOINT WARNING * * *
Casting: Summon Small Mammal (safe; 1% risk of failure)
Confirm with . or Enter, or press ? or * to list all spells.
The centaur shoots an arrow.
The arrow hits you!
You die...

... #..#..#..s.........
#...#.....#cr..$......#
....#...............##.
........#...b......##
............w.###.....
.........###†####.....
.........# #..#.......
........####c.........
.......@###...........
........h.............
##...#####............
#.... #............
#... #..........## ##..
#...#........... #.
#....##......#...#
....###..........# #...
#....#..w..##


You could see a centaur (ally target) and a friendly hound (summoned).

Vanquished Creatures
  A giant cockroach (D:1)
  A rat (D:1)
2 creatures vanquished.

Vanquished Creatures (collateral kills)
  A jelly (D:4)
  Crazy Yiuf (D:2)
  An adder (D:4)
  2 dart slugs (D:3)
  2 orcs (D:3)
  9 ball pythons
  8 endoplasms
  2 giant cockroaches (D:1)
  2 goblins
  6 hobgoblins
  6 jackals
  3 quokkas
  6 bats
  3 frilled lizards (D:1)
  9 kobolds (D:1)
  4 rats
65 creatures vanquished.

Vanquished Creatures (others)
  A hound (D:4)
1 creature vanquished.

Grand Total: 68 creatures vanquished

Notes
Turn   | Place    | Note
-------+----------+-------------------------------------------
     0 | D:1      | Irreverend the Felid Summoner began the quest for the Orb.
     0 | D:1      | Reached XP level 1. HP: 7/7 MP: 4/4
   189 | D:1      | Reached XP level 2. HP: 11/11 MP: 4/6
   252 | D:1      | Found Kac Pire's General Store.
   701 | D:1      | Reached XP level 3. HP: 14/14 MP: 5/7
   792 | D:1      | Learned a level 2 spell: Call Imp
  1731 | D:2      | Found a runed translucent door.
  1732 | D:2      | Noticed Crazy Yiuf
  1773 | D:2      | Killed Crazy Yiuf
  1774 | D:2      | Reached XP level 4. HP: 18/18 MP: 3/9
  2241 | D:2      | Learned a level 3 spell: Call Canine Familiar
  2245 | D:2      | Learned a level 3 spell: Summon Guardian Golem
  3057 | D:3      | Found Hoci's General Store.
  3465 | D:4      | Reached skill level 1 in Hexes
  3465 | D:4      | Reached skill level 5 in Summonings
  3470 | D:4      | Noticed a centaur
  3487 | D:4      | Noticed a scorpion
  3488 | D:4      | Reached XP level 5. HP: 10/21 MP: 4/11
  3501 | D:4      | Reached skill level 1 in Fighting
  3505 | D:4      | HP: 1/22 [centaur (1)]
  3506 | D:4      | Succumbed to a scorpion's poison
  3507 | D:4      | Reached XP level 4. HP: -1/19 MP: 7/10
  3520 | D:4      | Shot with an arrow by a centaur

Illustrated notes

Levels and vault maps discovered:
D:1:      onia_arrival_pyramid, layout_basic, serial_shops, shop,
          minmay_tiny_reverse_x
D:2:      layout_rooms, minmay_pentomino_v4, uniq_crazy_yiuf_cottage
D:3:      layout_basic, serial_shops, shop
D:4:      layout_cave_pools, minmay_temple_entry_fiery

Skill      XL: |  1  2  3  4  5 |
---------------+----------------+-----
Spellcasting   | 3 |  3.4
Dodging        | 3 |  3.3
Hexes          | 1 |  1.5
Summonings     | 5 |  5.0
Fighting       | 1 |  1.0
Stealth        | |  2.9

Action                     |  1- 3 |  4- 6 || total
---------------------------+-------+-------++-------
  Melee: Unarmed           |     6 |       ||     6
   Cast: Summon Small Mamm |    47 |     6 ||    53
         Call Imp          |    13 |     5 ||    18
         Call Canine Famil |       |    12 ||    12
    Use: Potion            |       |     1 ||     1
 Armour: Skin              |     5 |     1 ||     6
  Dodge: Dodged            |    27 |    26 ||    53
